 Dungeon Crawl Stone Soup version 0.16-a0-922-gae79c9c (webtiles) character file.

39 JacquesDerrida the Insei (level 3, 0/26 HPs)
             Began as a Demonspawn Transmuter on Sept 30, 2014.
             Killed from afar by a white imp (3 damage)
             ... with a puff of frost
             ... summoned by Natasha
             ... on Level 3 of the Dungeon.
             The game lasted 00:04:57 (1262 turns).

JacquesDerrida the Insei (Demonspawn Transmuter)    Turns: 1262, Time: 00:04:59

HP   0/26        AC  4     Str 10      XL: 3   Next: 28%
MP   5/6         EV 12     Int 19      God:
Gold 38          SH  0     Dex 14      Spells:  1 memorised,  5 levels left

rFire  + . .     SeeInvis .       - Unarmed
rCold  + . .     Clarity  .     g - +1 robe {rF+}
rNeg   . . .     rCorr    .     (no shield)
rPois  .         rRot     .     (no helmet)
rElec  .         Spirit   .     (no cloak)
SustAb .         Warding  .     o - +0 pair of gloves
rMut   .         Stasis   .     (boots unavailable)
Gourm  .                        (no amulet)
MR     .....                    (no ring)
                                (no ring)

@: brilliant, appendage (expiring), slowed, very slow, not resistant to hostile
enchantments, very unstealthy
A: talons 3, cold resistance 1
a: End Transformation


You were on level 3 of the Dungeon.
You were hungry.
You had grown temporary talons.
You visited 1 branch of the dungeon, and saw 3 of its levels.

You collected 38 gold pieces.

Inventory:

Missiles
 b - 12 arrows
 i - 3 tomahawks (quivered)
Armour
 c - a +0 robe
 g - a +1 robe of fire resistance (worn)
 o - a +0 pair of gloves (worn)
Magical devices
 n - a wand of slowing (14)
Comestibles
 a - 3 bread rations
Scrolls
 e - a scroll of enchant armour {unknown}
 f - 2 scrolls of amnesia {unknown}
 j - a scroll of teleportation {unknown}
 m - 2 scrolls of random uselessness {unknown}
 q - a scroll of identify {unknown}
Potions
 h - 2 potions of poison
 k - a potion of confusion {unknown}
Books
 d - a book of Changes

   Spells                             Type                      Level
   *Beastly Appendage                 Transmutation                1
   Sticks to Snakes                   Transmutation                2
   Spider Form                        Transmutation/Poison         3
   Ice Form                           Ice/Transmutation            4
   Blade Hands                        Transmutation                5


   Skills:
 - Level 1.0 Fighting
 - Level 1.7 Dodging
 + Level 4.0 Unarmed Combat
 - Level 2.0 Spellcasting
 - Level 1.7 Transmutations


You had 5 spell levels left.
You knew the following spells:

 Your Spells              Type           Power        Failure   Level  Hunger
a - Beastly Appendage     Trmt           ###...       1%          1    #......


Dungeon Overview and Level Annotations

Branches:
Dungeon (3/15)

Altars:
Cheibriados

Annotations:
D:3 Natasha


Innate Abilities, Weirdness & Mutations

Your flesh is cold resistant.
You have claws for feet.


Message History

The white imp gestures at you. The puff of frost misses you.
Natasha misses you.
You see here a kobold corpse.
Unknown command.
You closely miss Natasha. You claw Natasha.
Natasha is severely wounded.
The white imp hits you. The white imp freezes you. You resist.
* * * LOW HITPOINT WARNING * * *
Natasha stares at you and mumbles some strange words.
The magic dart hits you!
* * * LOW HITPOINT WARNING * * *
Drink which item? (? for menu, Esc to quit)
You feel clever all of a sudden.
It was a potion of brilliance.
The white imp hits you but does no damage.
Natasha casts a spell at you. You resist with significant effort.
The white imp gestures at you. The puff of frost hits you! You resist.
You die...

# ##### # #...# #
#...# # ##...## #
#.....### #
####...h@..## ##
##......5##..# .#
#####..###.####''####
<###.....##
###........##
.....#####
##....K.....## ..####
#............# #.#
#......h.......# ...
............... #...
...|...........


You could see Natasha and a white imp.

Vanquished Creatures
  An adder (D:2)
  4 bats
  2 giant cockroaches
  2 hobgoblins
  2 giant newts (D:1)
  7 goblins
  8 kobolds
  3 quokkas (D:2)
  4 rats
33 creatures vanquished.

Notes
Turn   | Place    | Note
--------------------------------------------------------------
     0 | D:1      | JacquesDerrida, the Demonspawn Transmuter, began the quest for the Orb.
     0 | D:1      | Reached XP level 1. HP: 15/15 MP: 3/3
   197 | D:1      | Reached skill level 3 in Unarmed Combat
   221 | D:1      | Gained mutation: Your flesh is cold resistant. [demonic ancestry]
   221 | D:1      | Reached XP level 2. HP: 7/21 MP: 4/4
   911 | D:2      | Reached XP level 3. HP: 16/26 MP: 4/6
   919 | D:2      | Found a snail-covered altar of Cheibriados.
  1086 | D:2      | Reached skill level 4 in Unarmed Combat
  1230 | D:3      | Noticed Natasha
  1262 | D:3      | Killed from afar by a white imp

Action                   || total
-------------------------++-------
Melee: Unarmed           ||   123
Throw: Tomahawk          ||     1
 Cast: Beastly Appendage ||    16
  Use: Potion            ||     5
  Eat: Chunk             ||     1
